 Dungeon Crawl Stone Soup version 0.30-a0-916-g9813417 (webtiles) character file.

Game seed: 2122493779310720280

194 Dawnplanks the Covered (level 5, -1/43 HPs)
             Began as a Barachi Fighter on Mar 21, 2023.
             Slain by Grinder (3 damage)
             ... on level 3 of the Dungeon.
             The game lasted 00:04:57 (2698 turns).

Dawnplanks the Covered (Barachi Fighter)            Turns: 2698, Time: 00:04:57

Health: -1/43      AC:  7    Str: 19    XL:     5   Next: 73%
Magic:  0/5        EV:  9    Int:  9    God:
Gold:   111        SH:  4    Dex: 11    Spells: 4/4 levels left

rFire   . . .      SeeInvis .    a - +0 long sword
rCold   . . .      Faith    .    c - +0 buckler
rNeg    . . .      Spirit   +    b - +0 scale mail
rPois   .          Reflect  .    (no helmet)
rElec   .          Rampage  .    (no cloak)
rCorr   .                        (no gloves)
Will    .....                    (no boots) Stlth
                                 n - amulet of guardian spirit
HPRegen 0.27/turn                i - ring of flight
MPRegen 0.09/turn                (no ring)

@: flying, slow
A: amphibious, slowness 1, strong legs 1, +LOS
a: Hop


You were on level 3 of the Dungeon.
You visited 1 branch of the dungeon, and saw 3 of its levels.

You collected 111 gold pieces.

Inventory:

Hand Weapons
 a - a +0 long sword (weapon)
Missiles
 q - 5 curare-tipped darts (quivered)
Armour
 b - a +0 scale mail (worn)
 c - a +0 buckler (worn)
Jewellery
 i - a ring of flight (left hand)
 n - an amulet of guardian spirit (around neck)
Wands
 m - a wand of digging (4)
Scrolls
 e - a scroll of fog {unknown}
 g - 3 scrolls of enchant weapon {unknown}
 h - a scroll of fear {unknown}
 j - a scroll of magic mapping {unknown}
 k - a scroll of identify {unknown}
 l - a scroll of amnesia {unknown}
 o - a scroll of vulnerability {unknown}
 p - a scroll of acquirement {unknown}
Potions
 f - a potion of curing
 r - a potion of experience {unknown}


   Skills:
 + Level 4.4 Fighting
 + Level 4.2 Long Blades
 + Level 5.1 Armour
 + Level 1.3 Dodging
 + Level 4.0 Shields


You had 4 spell levels left.
You didn't know any spells.
Your spell library was empty.

Dungeon Overview and Level Annotations

Branches:
Dungeon (3/15)

Altars:

Shops:
D:2 *

Annotations:
D:3 Grinder


Innate Abilities, Weirdness & Mutations

You are amphibious.
You cover ground slowly.
You can hop short distances.
You have an extended range of vision and can be seen from far away.


Message History

Grinder misses you.
You completely miss Grinder.
Grinder is moderately wounded.
Grinder blinks!
Grinder hits you but does no damage.
Grinder blinks!
Grinder gestures at you. You resist with significant effort.
Grinder misses you.
You closely miss Grinder.
Grinder is moderately wounded.
Grinder hits you but does no damage. Grinder hits you.
* * * LOW HITPOINT WARNING * * *
You writhe in agony.
* * * LOW HITPOINT WARNING * * *
You hit Grinder.
Grinder is moderately wounded.
You are ready to hop once more.
Grinder blinks!
Hop to where?
Press: ? - help, Q - select action, (/) - cycle Dir - move target, f - you
Okay, then.
Okay, then.
Throw: throwing net
Press: ? - help, Q - select action, (/) - cycle Shift-Dir - straight line, f - Grinder
Aim: Grinder (moderately wounded, 53% to hit)
You throw a throwing net.
The throwing net completely misses Grinder.
Grinder gestures at you. You resist with significant effort.
You hit Grinder.
Grinder is moderately wounded.
Grinder hits you.
* * * LOW HITPOINT WARNING * * *
Grinder hits you but does no damage.
You hit Grinder.
Grinder is heavily wounded.
Grinder hits you.
* * * LOW HITPOINT WARNING * * *
You writhe in agony.
You die...

..# #.####.#
..############.#..#.#
.............)......# ####
..############..#.###....##
..)......................>#
...##############...#.....#
......... .. #.#...###.#
....##########.##.##..#
....##..........@.##..###.#
.......##..###..5.........#
...##### #....###..##..#
....## #....# .....
###..... #..... ####..
(#..#.##. #.(..# .#.##.#
####.# .#.##.# #.# ......#
...


You could see Grinder.

Vanquished Creatures
  An orc priest (D:2)
  Terence (D:3)
  4 gnolls
  2 adders (D:2)
  3 worms
  A dart slug (D:1)
  4 orcs
  5 ball pythons
  6 bats
  3 endoplasms
  6 giant cockroaches
  4 goblins
  4 hobgoblins
  7 jackals (D:2)
  A quokka (D:2)
  3 frilled lizards (D:2)
  6 kobolds
  6 rats
67 creatures vanquished.

Notes
Turn   | Place    | Note
-------+----------+-------------------------------------------
     0 | D:1      | Dawnplanks the Barachi Fighter began the quest for the Orb.
     0 | D:1      | Reached XP level 1. HP: 18/18 MP: 1/1
   104 | D:1      | Reached XP level 2. HP: 25/25 MP: 2/2
   231 | D:1      | Reached skill level 4 in Armour
   589 | D:1      | You fall into a shaft and drop 1 floor!
   986 | D:2      | Reached XP level 3. HP: 30/30 MP: 3/3
  1265 | D:2      | Reached XP level 4. HP: 34/37 MP: 4/4
  1562 | D:2      | Found Cutul's Assorted Antiques.
  1657 | D:3      | Noticed Terence
  1671 | D:3      | HP: 1/37 [Terence/+0 short sword (5)]
  1672 | D:3      | Killed Terence
  2018 | D:2      | Reached XP level 5. HP: 30/42 MP: 5/5
  2075 | D:3      | Reached skill level 1 in Dodging
  2393 | D:2      | Reached skill level 5 in Armour
  2650 | D:3      | Noticed Grinder
  2673 | D:3      | Paralysed by Grinder for 2 turns
  2698 | D:3      | HP: 2/43 [Grinder (3)]
  2698 | D:3      | Slain by Grinder

Illustrated notes

Levels and vault maps discovered:
D:1:      nzn_arrival_depleted_hourglass, layout_basic, serial_bayou_pond_d,
          roderic_three_in_a_row
D:2:      layout_rooms, serial_shops, nicolae_shop_hallway_plus
D:3:      layout_basic, kennysheep_generic_room_4, uniq_grinder, uniq_terence

Skill      XL: |  1  2  3  4  5 |
---------------+----------------+-----
Armour         | 4 5 |  5.1
Fighting       | 4 |  4.4
Long Blades    | 3 4 |  4.2
Dodging        | 1 |  1.3
Shields        | 4 |  4.0

Action                     |  1- 3 |  4- 6 || total
---------------------------+-------+-------++-------
  Melee: Long sword        |   128 |   168 ||   296
  Throw: Throwing net      |       |     1 ||     1
Ability: Hop               |       |     3 ||     3
    Use: Potion            |       |     2 ||     2
 Armour: Scale mail        |    93 |   110 ||   203
  Dodge: Dodged            |   108 |   137 ||   245
  Block: Buckler           |    41 |    66 ||   107

Table legend: (Time is in decaauts)
 A = Elapsed time spent in this place.
 B = Non-inter-level travel time spent in this place.
 C = Inter-level travel time spent in this place.
 D = Time resting spent in this place.
 E = Time spent auto-exploring this place.
 F = Levels seen in this place.
 G = Mean time per level.
                   A        B        C        D        E       F      G
               +--------+--------+--------+--------+--------+-----+--------+
         Total |   3076 |   3018 |     58 |    565 |   1797 |   3 | 1025.3 |
       Dungeon |   3076 |   3018 |     58 |    565 |   1797 |   3 | 1025.3 |
               +--------+--------+--------+--------+--------+-----+--------+

Top non-repeatable levels by time:
     D:2: 1535 daAuts
     D:1: 1126 daAuts
     D:3: 414 daAuts
